 Dungeon Crawl Stone Soup version 0.21.1-1-g345015f (webtiles) character file.

12777 empire the Carver (level 11, -1/126 HPs)
             Began as a Minotaur Fighter on June 13, 2018.
             Was a High Priest of Cheibriados.
             Slain by Snorg (7 damage)
             ... on level 11 of the Dungeon.
             The game lasted 00:22:53 (8951 turns).

empire the Carver (Minotaur Fighter)                Turns: 8951, Time: 00:22:53

Health: -1/126     AC: 25    Str: 37    XL:     11   Next: 66%
Magic:  12/12      EV:  2    Int: 19    God:    Cheibriados [*****.]
Gold:   515        SH:  0    Dex: 30    Spells: 10/10 levels left

rFire    . . .     SeeInvis .   b - +3 long sword
rCold    . . .     Gourm    .   c - +0 shield
rNeg     + + +     Faith    .   (armour currently unavailable)
rPois    +         Spirit   .   (helmet currently unavailable)
rElec    .         Reflect  +   (cloak currently unavailable)
rCorr    .         Harm     .   (gloves currently unavailable)
MR       .....     NoTele   +   (boots currently unavailable)
Stlth    ++........             r - +6 amulet of reflection
HPRegen  0.31/turn              (no ring)
MPRegen  0.13/turn              (no ring)

@: confused, agile, tree-form, very slightly contaminated, invisible (expiring),
very slow
A: (retaliatory headbutt)
a: Bend Time, Temporal Distortion, Slouch, Step From Time, Renounce Religion


You were on level 11 of the Dungeon.
You worshipped Cheibriados.
Cheibriados was extremely pleased with you.
You were not hungry.
You were a tree.
You visited 2 branches of the dungeon, and saw 12 of its levels.
You also visited: Sewer.

You collected 705 gold pieces.
You spent 190 gold pieces at shops.

Inventory:

Hand Weapons
 a - a +1 long sword
 b - a +3 long sword (weapon)
 u - a +2 whip of freezing
 y - a +0 flail of draining
 A - a +3 flail
 C - a cursed +1 dagger
 F - a +1 dagger of freezing
 I - a +2 dagger of distortion
 L - a +1 flail of crushing
 M - a +2 mace of crushing
 R - a +2 short sword of speed
 S - a +3 great mace
 U - a +0 mace of holy wrath
Armour
 c - a +0 shield (worn)
 E - a +0 pair of gloves (melded)
 N - a +1 robe of positive energy
 O - a +0 cloak (melded)
 Q - a +0 plate armour (melded)
 W - a +1 robe of positive energy
 X - a +0 pair of boots (melded)
Jewellery
 n - an uncursed ring of flight
 q - an uncursed ring of ice
 r - a +6 amulet of reflection (around neck)
 J - an uncursed ring of ice
 K - an uncursed amulet of faith {unknown}
 T - an uncursed ring of flight
Wands
 e - a wand of paralysis (16)
 v - a wand of flame (22)
Scrolls
 d - 6 scrolls of remove curse
 j - 5 scrolls of amnesia
 k - 2 scrolls of fear
 m - 7 scrolls of teleportation
 G - a scroll of enchant weapon
 P - a scroll of immolation {unknown}
 V - a scroll of acquirement {unknown}
 Z - a scroll of identify
Potions
 h - 2 potions of curing
 o - 2 potions of agility
 s - 3 potions of brilliance
 t - 3 potions of degeneration
 w - 3 potions of magic
 x - 5 potions of haste
 B - a potion of mutation
 D - 2 potions of berserk rage
 Y - a potion of flight {unknown}
Books
 H - a book of Maledictions

   Spells                             Type                      Level
   a - Corona                         Hexes                        1
   b - Ensorcelled Hibernation        Hexes/Ice                    2
   c - Confuse                        Hexes                        3
   d - Tukima's Dance                 Hexes                        3
   e - Dazzling Spray                 Conjuration/Hexes            3
Comestibles
 f - 18 rations
 z - 7 chunks of flesh


   Skills:
 - Level 4.0 Fighting
 - Level 14.0 Long Blades
 - Level 10.0 Armour
 + Level 9.0 Dodging
 - Level 10.1 Shields
 + Level 2.8 Invocations
 + Level 2.5 Evocations


You had 10 spell levels left.
You didn't know any spells.

Dungeon Overview and Level Annotations

Branches:
Dungeon (11/15)            Temple (1/1) D:5            Lair (0/6) D:11
    Orc (0/2) D:10

Altars:
Ashenzari
Cheibriados
Dithmenos
Elyvilon
Fedhas
Gozag
Hepliaklqana
Kikubaaqudgha
Makhleb
Nemelex Xobeh
Okawaru
Qazlal
Ru
Sif Muna
Trog
Uskayaw
Vehumet
Wu Jian
Xom
Yredelemnul
Zin
The Shining One

Shops:
D:5 :?!

Annotations:
D:11 Snorg


Innate Abilities, Weirdness & Mutations

((You reflexively headbutt those who attack you in melee.))
((You have a pair of horns on your head.))


Message History

You block Snorg's attack. x3
You hit Snorg.
Snorg is severely wounded.
Snorg bites you!
* * * LOW HITPOINT WARNING * * *
You block Snorg's attack. x2
You feel much better.
You flicker for a moment.
You block Snorg's attack. Snorg claws you.
* * * LOW HITPOINT WARNING * * *
Snorg claws you but does no damage. You block Snorg's attack. Snorg claws you.
* * * LOW HITPOINT WARNING * * *
Snorg claws you but does no damage.
You are confused.
You feel invigorated. Snorg bites you but does no damage.
Snorg claws you but does no damage. x2
You swing at nothing.
Snorg bites you!!
* * * LOW HITPOINT WARNING * * *
Snorg claws you!
You die...

*,,,,***,...'####,,,*
*,,,,,,,,,......*,,,*
**********#.....*,,,*
*...)#**###
*******#...#*...#
*,,,,,,#...##...#
**,,,,,,#........#
*,,,∩,,,#........#
*,,,,,,,#.♣T##...#
*,,,,,,*#...##...#
*,***,,*#...##...#
*,,,,,,##...##...#****
****,,,+.........#,,,######
****,,##........#,,,+.....
*,,,,,*#...##...#*,,##....
**,,,,#....##...##+###....
*,,,,##...##.....).##....


You could see Snorg (berserk).

Vanquished Creatures
  Erolcha (D:11)
  6 two-headed ogres
  An unseen horror (D:10)
  Psyche (D:10)
  A centaur skeleton (D:10)
  2 polar bears (D:10)
  The ghost of RENEGADE the Slinger, an amateur GnHu of Qazlal (D:4)
  A hippogriff (D:5)
  Sigmund (D:6)
  A wraith (D:10)
  A yak (D:10)
  Eustachio (D:4)
  2 hungry ghosts
  Menkaure (D:4)
  A phantom (D:6)
  A black bear (D:10)
  A necrophage (D:10)
  An ice beast (D:10)
  4 sky beasts
  4 orc warriors
  An eye of draining (D:10)
  4 ogres
  2 big kobolds
  8 bullfrogs
  A wyvern zombie (D:8)
  4 scorpions
  3 wights (D:6)
  2 jellies
  3 killer bees (D:11)
  3 howler monkeys
  8 crimson imps
  A quasit (D:7)
  5 hounds
  16 orc priests
  A gnoll shaman (D:5)
  14 orc wizards
  4 bullfrog skeletons
  4 iguanas
  5 worker ants
  A killer bee zombie (D:6)
  2 hound zombies
  2 hound skeletons
  13 gnolls
  28 adders
  A howler monkey skeleton (D:4)
  2 shadow imps
  A white imp (D:10)
  2 howler monkey simulacra (D:10)
  8 oozes
  2 ufetubi (D:10)
  2 adder zombies
  2 adder skeletons
  3 dart slugs
  11 leopard geckos
  77 orcs
  19 ball pythons
  16 giant cockroaches
  7 goblins
  5 hobgoblins
  17 jackals
  14 kobolds
  5 quokkas
  3 bats
  14 frilled lizards
  A giant cockroach zombie (D:5)
  A jackal zombie (D:5)
  6 rats
387 creatures vanquished.

Vanquished Creatures (others)
  A centaur (D:9)
  A kobold (D:8)
  A quokka (D:7)
3 creatures vanquished.

Grand Total: 390 creatures vanquished

Notes
Turn   | Place    | Note
-------+----------+-------------------------------------------
     0 | D:1      | empire the Minotaur Fighter began the quest for the Orb.
     0 | D:1      | Reached XP level 1. HP: 19/19 MP: 0/0
     8 | D:1      | Reached XP level 2. HP: 27/27 MP: 1/1
   211 | D:1      | Reached skill level 3 in Long Blades
   332 | D:1      | Reached XP level 3. HP: 31/33 MP: 2/2
   748 | D:2      | Reached skill level 1 in Dodging
   818 | D:2      | Reached skill level 4 in Long Blades
  1024 | D:2      | Reached XP level 4. HP: 36/40 MP: 3/3
  1838 | D:3      | Reached XP level 5. HP: 19/46 MP: 4/4
  2206 | D:3      | Reached skill level 5 in Long Blades
  2339 | D:4      | Reached XP level 6. HP: 28/52 MP: 5/5
  2345 | D:4      | Found a glowing drain.
  2347 | D:4      | Noticed Eustachio
  2360 | D:4      | Killed Eustachio
  2360 | D:4      | Reached skill level 6 in Long Blades
  2562 | D:4      | Noticed RENEGADE's ghost (amateur GnHu)
  2563 | Sewer    | Entered a sewer
  2900 | Sewer    | Reached skill level 5 in Dodging
  2900 | Sewer    | Reached XP level 7. HP: 55/59 MP: 6/6
  2907 | Sewer    | Reached skill level 7 in Long Blades
  2967 | D:4      | Killed RENEGADE's ghost
  3045 | D:4      | Noticed Menkaure
  3059 | D:4      | Killed Menkaure
  3059 | D:4      | Reached skill level 8 in Long Blades
  3059 | D:4      | Reached XP level 8. HP: 35/66 MP: 7/7
  3471 | D:5      | Entered Level 5 of the Dungeon
  3678 | D:5      | Found a staircase to the Ecumenical Temple.
  3705 | D:5      | Reached skill level 9 in Long Blades
  3744 | Temple   | Entered the Ecumenical Temple
  3877 | Temple   | Became a worshipper of Cheibriados the Contemplative
  3918 | D:5      | Found Heqifaown's Book Boutique.
  3979 | D:5      | Found Voudim's Magic Scroll Emporium.
  4147 | D:5      | Found Leniacu's Distillery.
  4154 | D:5      | Bought a potion of agility for 40 gold pieces
  4154 | D:5      | Bought a potion of haste for 100 gold pieces
  4154 | D:5      | Bought a potion of heal wounds for 50 gold pieces
  4172 | D:5      | Noticed a hippogriff
  4184 | D:5      | Killed a hippogriff
  4346 | D:5      | Reached skill level 10 in Long Blades
  4348 | D:5      | Found a burning altar of Makhleb.
  4622 | D:5      | Found an ancient bone altar of Kikubaaqudgha.
  4629 | D:5      | Found a shadowy altar of Dithmenos.
  4666 | D:6      | Reached XP level 9. HP: 68/71 MP: 8/8
  4675 | D:6      | Reached * piety under Cheibriados
  4714 | D:6      | Noticed Sigmund
  4725 | D:6      | Killed Sigmund
  4725 | D:6      | Reached skill level 5 in Armour
  4795 | D:6      | Found a sparkling altar of Nemelex Xobeh.
  4916 | D:6      | Reached ** piety under Cheibriados
  5046 | D:6      | Reached skill level 11 in Long Blades
  5581 | D:7      | Reached *** piety under Cheibriados
  5662 | D:7      | Found a white marble altar of Elyvilon.
  5678 | D:7      | Noticed a two-headed ogre
  5702 | D:7      | Killed a two-headed ogre
  5702 | D:7      | Reached skill level 12 in Long Blades
  5702 | D:7      | Reached XP level 10. HP: 38/78 MP: 9/9
  6166 | D:7      | Reached **** piety under Cheibriados
  6471 | D:8      | Noticed a two-headed ogre
  6479 | D:8      | Killed a two-headed ogre
  6569 | D:8      | Reached skill level 13 in Long Blades
  6569 | D:8      | Reached skill level 10 in Armour
  6748 | D:8      | Found a shattered altar of Ashenzari.
  6754 | D:8      | Reached ***** piety under Cheibriados
  6756 | D:8      | Noticed a two-headed ogre
  6836 | D:8      | Killed a two-headed ogre
  6836 | D:8      | Reached skill level 5 in Shields
  7017 | D:9      | Noticed a two-headed ogre
  7023 | D:9      | Killed a two-headed ogre
  7129 | D:9      | Noticed a two-headed ogre
  7135 | D:9      | Killed a two-headed ogre
  7313 | D:9      | Reached XP level 11. HP: 84/84 MP: 10/10
  7443 | D:9      | Found a glowing silver altar of Zin.
  7982 | D:10     | Entered Level 10 of the Dungeon
  7988 | D:10     | Reached skill level 14 in Long Blades
  8213 | D:10     | Noticed Psyche
  8415 | D:10     | Found a staircase to the Orcish Mines.
  8611 | D:10     | Killed Psyche
  8623 | D:10     | Killed an unseen horror
  8623 | D:10     | Reached skill level 10 in Shields
  8759 | D:11     | Noticed a two-headed ogre
  8768 | D:11     | Killed a two-headed ogre
  8768 | D:11     | Reached skill level 1 in Invocations
  8768 | D:11     | Reached skill level 1 in Evocations
  8808 | D:11     | Reached ****** piety under Cheibriados
  8812 | D:11     | Noticed Erolcha
  8817 | D:11     | Paralysed by Erolcha for 5 turns
  8823 | D:11     | Killed Erolcha
  8929 | D:11     | Noticed Snorg
  8951 | D:11     | HP: 6/126 [Snorg (21)]
  8951 | D:11     | Slain by Snorg

Skill      XL: |  1  2  3  4  5  6  7  8  9 10 11 |
---------------+----------------------------------+-----
Armour         | 4 8 10 | 10.0
Shields        | 4 6 10 | 10.1
Fighting       | 4 |  4.0
Long Blades    | 3 4 5 6 8 10 12 13 14 | 14.0
Dodging        | 1 2 3 5 6 8 9 |  9.0
Invocations    | 2 |  2.8
Evocations     | 2 |  2.5

Action                   |  1- 3 |  4- 6 |  7- 9 | 10-12 || total
-------------------------+-------+-------+-------+-------++-------
Melee: Long sword        |    61 |   246 |   326 |   291 ||   924
       Headbutt          |    13 |    30 |    80 |   101 ||   224
Invok: Slouch            |       |       |       |     2 ||     2
  Use: Scroll            |       |     2 |    14 |     2 ||    18
       Potion            |       |       |     3 |     6 ||     9
 Stab: Invisible         |       |       |     5 |     5 ||    10
  Eat: Chunk             |       |     7 |     9 |     7 ||    23
Armor: Scale mail        |    21 |       |       |       ||    21
       Chain mail        |    17 |   141 |    95 |     8 ||   261
       Plate armour      |       |       |       |    81 ||    81
       Skin              |       |       |       |    10 ||    10
Dodge: Dodged            |    24 |   109 |    92 |   103 ||   328
Block: Shield            |    38 |   239 |   304 |   308 ||   889
       Reflection        |       |       |     7 |    14 ||    21
       Rpst.: Long sword |     7 |    30 |    28 |    19 ||    84
